 Dungeon Crawl Stone Soup version 0.29-a0-25-g7f48f510a0 (webtiles) character file.

Game seed: 13933126024893122038

464 HallandMoats the Skirmisher (level 7, 0/44 HPs)
             Began as a Gargoyle Fighter on Feb 1, 2022.
             Was a Believer of Wu Jian.
             Killed from afar by an orc wizard (4 damage)
             ... with a puff of flame
             ... on level 5 of the Dungeon.
             The game lasted 00:03:32 (4720 turns).

HallandMoats the Skirmisher (Gargoyle Fighter)      Turns: 4720, Time: 00:03:33

Health: 0/44       AC: 14    Str: 19    XL:     7   Next: 7%
Magic:  9/9        EV: 10    Int:  9    God:    Wu Jian [**....]
Gold:   163        SH:  5    Dex: 17    Spells: 6/6 levels left

rFire   . . .      SeeInvis .   a - +0 flail
rCold   . . .      Faith    .   c - +0 buckler
rNeg    + . .      Spirit   .   b - +0 scale mail
rPois   ∞          Reflect  .   y - +0 helmet
rElec   +          Harm     .   o - +0 cloak
rCorr   .          Rampage  .   (no gloves)
Will    +....                   (no boots)
Stlth   ..........              (no amulet)
HPRegen 0.14/turn               k - +6 ring of dexterity
MPRegen 0.11/turn               n - ring of willpower

@: no status effects
A: sickness immunity, AC +4, negative energy resistance 1, electricity
resistance, torment resistance 1, petrification resistance
a: Renounce Religion, Wall Jump


You were on level 5 of the Dungeon.
You worshipped Wu Jian.
Wu Jian was pleased with you.
You visited 1 branch of the dungeon, and saw 5 of its levels.

You collected 163 gold pieces.

Inventory:

Hand Weapons
 a - a +0 flail (weapon)
Armour
 b - a +0 scale mail (worn)
 c - a +0 buckler (worn)
 o - a +0 cloak (worn)
 y - a +0 helmet (worn)
Jewellery
 j - a ring of resist corrosion
 k - a +6 ring of dexterity (left hand)
 n - a ring of willpower (right hand)
 q - a +6 ring of dexterity
 s - a ring of positive energy
Wands
 x - a wand of flame (19)
Scrolls
 f - a scroll of fear {unknown}
 g - a scroll of holy word {unknown}
 h - 3 scrolls of magic mapping {unknown}
 i - a scroll of enchant weapon {unknown}
 l - 4 scrolls of identify {unknown}
 m - a scroll of noise {unknown}
 t - a scroll of vulnerability {unknown}
 u - a scroll of summoning {unknown}
 z - a scroll of immolation {unknown}
 A - a scroll of blinking {unknown}
Potions
 e - a potion of heal wounds {unknown}
 p - a potion of curing {unknown}
 r - a potion of flight {unknown}
 v - 2 potions of attraction {unknown}
 w - a potion of cancellation {unknown}
 B - a potion of mutation {unknown}


   Skills:
 * Level 5.0 Fighting
 * Level 3.8 Maces & Flails
 + Level 4.1 Armour
 + Level 1.4 Dodging
 + Level 4.2 Shields
 * Level 3.4 Invocations


You had 6 spell levels left.
You didn't know any spells.
Your spell library was empty.

Dungeon Overview and Level Annotations

Branches:
Dungeon (5/15)
 Temple: D:4-7

Altars:
Ashenzari
Gozag
Qazlal
Wu Jian

Shops:
D:1 =


Innate Abilities, Weirdness & Mutations

You are immune to sickness and miasma.
Your stone body is resilient. (AC +4)
You are immune to poison.
You resist negative energy. (rN+)
You are resistant to electric shocks. (rElec)
You are resistant to unholy torment.
You are immune to petrification.


Message History

The orc wizard casts a spell.
The orc wizard flickers and vanishes!
Deactivating autopickup; reactivate with Ctrl-A.
An orc comes into view. It is wielding a +0 club.
The centaur hits you.
* * * LOW HITPOINT WARNING * * *
The centaur kicks you but does no damage.
You hit the centaur but do no damage.
The centaur is almost dead.
You block the centaur's attack. x2
The centaur hits you but does no damage.
The centaur closely misses you.
You closely miss something.
The centaur hits you but does no damage.
The centaur kicks you but does no damage.
Something hits you but does no damage. The centaur closely misses you.
The centaur kicks you but does no damage.
You sock something! The centaur hits you.
* * * LOW HITPOINT WARNING * * *
The centaur barely misses you. The orc hits you with a +0 short sword.
* * * LOW HITPOINT WARNING * * *
The centaur hits you but does no damage.
The centaur kicks you but does no damage.
You lunge at the orc.
You thump the orc!
You kill the orc!
The Council accepts your kill.
You spin and attack the orc.
You barely miss the orc.
You spin to attack the centaur, but your attack speed is too slow for a blow to land.
Something hits you but does no damage. The centaur barely misses you.
The centaur kicks you but does no damage.
The orc barely misses you.
Your Fighting skill increases to level 5!
Okay, then.
Unknown command.
You miss something. The centaur barely misses you. The centaur misses you.
You block the orc's attack.
You hear some strange, mumbled words.
A puff of flame appears from out of thin air!
The puff of flame hits you.
You die...

##.## #=..# #.# #...#
#.. #...###### #.#
#........# #.#
######...####.# ..#
...#...c{........#####.#
.....oo@.........÷)....#
####...o........)####...
#####.....$...##.....
#....#.####.###.#
#....#.# #. ##. #....#.#
# #. #....#.# ##.
#....... ..###.#
###..### #.....


You could see a centaur and 3 orcs.

Vanquished Creatures
  A scorpion (D:4)
  4 wights (D:5)
  2 hounds
  Crazy Yiuf (D:4)
  An orc wizard (D:4)
  4 adders
  An adder skeleton (D:4)
  A worm (D:2)
  2 dart slugs
  7 orcs
  8 endoplasms
  3 giant cockroaches
  4 goblins
  2 hobgoblins
  3 jackals
  3 kobolds
  3 quokkas
  5 ball pythons
  4 bats
  7 frilled lizards
  25 rats
91 creatures vanquished.

Notes
Turn   | Place    | Note
-------+----------+-------------------------------------------
     0 | D:1      | HallandMoats the Gargoyle Fighter began the quest for the
                  | Orb.
     0 | D:1      | Reached XP level 1. HP: 14/14 MP: 1/1
   250 | D:1      | Found a faded altar of an unknown god.
   264 | D:1      | Reached XP level 2. HP: 16/19 MP: 2/2
   275 | D:1      | Prayed at the altar of an unknown god.
   275 | D:1      | Became a worshipper of the Wu Jian Council
   275 | D:1      | Reached * piety under Wu Jian
   867 | D:1      | Found Zextuul's Jewellery Shoppe.
  1139 | D:2      | Reached skill level 1 in Invocations
  1235 | D:2      | Reached XP level 3. HP: 23/23 MP: 3/3
  1580 | D:2      | Reached ** piety under Wu Jian
  1760 | D:2      | Reached XP level 4. HP: 29/29 MP: 5/5
  1962 | D:3      | Found a broken altar of Ashenzari.
  2247 | D:3      | Found an opulent altar of Gozag.
  2769 | D:4      | Reached skill level 4 in Fighting
  2892 | D:4      | Reached XP level 5. HP: 14/33 MP: 6/6
  3177 | D:4      | Found a runed translucent door.
  3178 | D:4      | Noticed Crazy Yiuf
  3238 | D:4      | Found a stormy altar of Qazlal.
  3352 | D:4      | Reached skill level 1 in Dodging
  3736 | D:4      | Reached XP level 6. HP: 39/39 MP: 6/8
  4165 | D:4      | Killed Crazy Yiuf
  4292 | D:5      | Entered Level 5 of the Dungeon
  4423 | D:5      | Reached XP level 7. HP: 4/44 MP: 9/9
  4720 | D:5      | Reached skill level 5 in Fighting
  4720 | D:5      | Killed from afar by an orc wizard

Illustrated notes

Levels and vault maps discovered:
D:1:      minmay_arrival_pointy, layout_basic,
          shapermc_ecumenical_altar_starsandcircs, serial_shops, shop_fountains
D:2:      minmay_inner_zag, layout_loops_cross, minmay_misc_feat_tiny,
          glass_columns_a, minmay_rat_hole
D:3:      layout_basic, mainiacjoe_overflow_paths,
          nicolae_gozag_cash_rules_everything_around_me
D:4:      layout_basic, nicolae_qazlal_general_emergency,
          uniq_crazy_yiuf_cottage
D:5:      layout_loops_cross, mainiacjoe_overflow_brackets,
          nicolae_elyvilon_temple_path

Skill      XL: |  1  2  3  4  5  6  7 |
---------------+----------------------+-----
Invocations    | 1 2 3 |  3.4
Fighting       | 4 5 |  5.0
Maces & Flails | 3 |  3.8
Dodging        | 1 |  1.4
Shields        | 4 |  4.2
Armour         | 4 |  4.1

Action                   |  1- 3 |  4- 6 |  7- 9 || total
-------------------------+-------+-------+-------++-------
Melee: Flail             |   123 |   160 |     8 ||   291
Invok: Lunge             |     7 |     7 |     1 ||    15
       Whirlwind         |       |     1 |     1 ||     2
  Use: Potion            |       |     2 |       ||     2
Armor: Scale mail        |    90 |    91 |    14 ||   195
Dodge: Dodged            |    60 |    69 |    12 ||   141
Block: Buckler           |    51 |    40 |     4 ||    95

Table legend: (Time is in decaauts)
 A = Elapsed time spent in this place.
 B = Non-inter-level travel time spent in this place.
 C = Inter-level travel time spent in this place.
 D = Time resting spent in this place.
 E = Time spent auto-exploring this place.
 F = Levels seen in this place.
 G = Mean time per level.
                   A        B        C        D        E       F      G
               +--------+--------+--------+--------+--------+-----+--------+
         Total |   4803 |   4676 |    127 |    153 |   3874 |   5 |  960.6 |
       Dungeon |   4803 |   4676 |    127 |    153 |   3874 |   5 |  960.6 |
               +--------+--------+--------+--------+--------+-----+--------+

Top non-repeatable levels by time:
     D:4: 1553 daAuts
     D:1: 993 daAuts
     D:2: 978 daAuts
     D:3: 838 daAuts
     D:5: 440 daAuts
